 Dungeon Crawl Stone Soup version 0.18.1-48-g4cf74bf (webtiles) character file.

938 Gargoyl the Covered (level 7, 0/55 HPs)
             Began as a Demonspawn Abyssal Knight on Aug 16, 2016.
             Was a Priest of Lugonu.
             Succumbed to a worker ant's poison
             ... on level 6 of the Dungeon.
             The game lasted 00:14:36 (6094 turns).

Gargoyl the Covered (Demonspawn Abyssal Knight)     Turns: 6094, Time: 00:14:37

Health: 0/55       AC: 14    Str: 12 (15) XL:     7   Next: 87%
Magic:  2/8        EV:  4    Int: 17 (18) God:    Lugonu [***...]
Gold:   189        SH:  8    Dex:  9 (12) Spells: 0 memorised, 6 levels left

rFire  . . .     SeeInvis .     u - +0 war axe
rCold  . . .     Gourm    .     e - +0 chain mail
rNeg   . . .     Faith    .     j - +0 shield
rPois  .         Spirit   +     r - +0 helmet
rElec  .         Dismiss  .     s - +0 cloak
rCorr  .         Reflect  .     (no gloves)
SustAt .         Harm     .     (no boots)
MR     .....                    (no amulet)
Stlth  ..........               (no ring)
                                (no ring)

@: brilliant, lethally poisoned (0 -> -4), very slightly contaminated,
invisible, not resistant to hostile enchantments, extremely unstealthy
A: claws 1, slimy green scales 1, nightstalker 1, magic shield, magic
regeneration
a: Depart the Abyss, Bend Space, Banish, Renounce Religion


You were on level 6 of the Dungeon.
You worshipped Lugonu.
Lugonu was most pleased with you.
You were hungry.

You visited 1 branch of the dungeon, and saw 6 of its levels.
You visited the Abyss 1 time.

You collected 189 gold pieces.

Inventory:

Hand Weapons
 h - a +0 spear
 u - a +0 war axe (weapon)
Missiles
 f - 18 tomahawks
 p - 6 javelins (quivered)
Armour
 e - a +0 chain mail (worn)
 j - a +0 shield (worn)
 r - a +0 helmet (worn)
 s - a +0 cloak (worn)
Wands
 i - a wand of random effects (27/48)
 k - a wand of iceblast (10/15)
Scrolls
 a - 2 scrolls of identify
 g - 2 scrolls of remove curse
 t - 2 scrolls of immolation {unknown}
 v - a scroll of enchant weapon {unknown}
 w - a scroll of recharging
 x - 2 scrolls of fog {unknown}
Potions
 d - a potion of invisibility
Comestibles
 b - a meat ration
 c - 7 bread rations
 n - 9 fruits
 o - a royal jelly


   Skills:
 + Level 4.7 Fighting
 + Level 3.9 Axes
 + Level 0.5 Throwing
 * Level 4.9 Armour
 + Level 2.6 Dodging
 + Level 3.2 Shields
 + Level 2.6 Invocations


You had 6 spell levels left.
You didn't know any spells.

Dungeon Overview and Level Annotations

Branches:
Dungeon (5/15)
 Temple: D:4-7

Altars:
Ashenzari
Elyvilon
Sif Muna
Xom

Shops:
D:4 [


Innate Abilities, Weirdness & Mutations

You have sharp fingernails.
You are partially covered in slimy green scales (AC +2).
You are slightly more attuned to the shadows.
When hurt, damage is shared between your health and your magic reserves.
You regenerate magic rapidly.


Message History

The water moccasin hisses angrily.
The worker ant bites you.
* * * LOW HITPOINT WARNING * * *
You are lethally poisoned!
The worker ant poisons you!
* * * LOW HITPOINT WARNING * * *
You feel sick.
* * * LOW HITPOINT WARNING * * *
You feel sick.
The worker ant bites you but does no damage.
Drink which item? (? for menu, Esc to quit)
You fade into invisibility!
* * * LOW HITPOINT WARNING * * *
You feel sick. The worker ant barely misses you.
You are very lightly contaminated with residual magic.
You closely miss the worker ant. You block the worker ant's attack.
The worker ant bites you.
Unknown command.
You hit the worker ant but do no damage.
You die...

### ####..###.#..#...#
#.........
†.###)..aoZ.....##...#
#.......(.
......###.###.oZ.or..#
#......... ..........#
######g### #.........
#.######..#
#Z#####......... #..
Z.## #.....#.........
##.. ..##
#.....#......... #....(
#########gZ..##########
###.. ......@aolS..#
..# #########S...#
#....# #.S..# #....#
#....# #....#


You could see a water moccasin, a worker ant, a gnoll, an adder, an orc, a giant
newt and a howler monkey skeleton.

Vanquished Creatures
  An ice beast (D:6)
  An ogre (D:4)
  A howler monkey (D:4)
  A quasit (D:6)
  2 hounds (D:4)
  A giant frog skeleton (D:6)
  2 jellies
  2 orc priests (D:6)
  4 orc wizards
  Jessica (D:3)
  Natasha (twice) (D:3)
  2 worker ants
  10 adders
  3 gnolls (D:6)
  A shadow imp (D:5)
  6 worms
  2 dart slugs
  4 giant geckos
  14 orcs
  3 giant cockroaches
  7 goblins
  7 hobgoblins
  6 jackals (D:4)
  9 kobolds
  3 quokkas
  A ball python (D:6)
  5 bats
  2 giant newts
  10 rats
113 creatures vanquished.

Notes
Turn   | Place    | Note
--------------------------------------------------------------
     0 | Abyss:1  | Gargoyl the Demonspawn Abyssal Knight began the quest for the Orb.
     0 | Abyss:1  | Reached XP level 1. HP: 18/18 MP: 2/2
    71 | Abyss:1  | Noticed a neqoxec
    80 | Abyss:1  | Noticed a small abomination
    91 | D:1      | Escaped the Abyss
   440 | D:1      | Gained mutation: You are slightly more attuned to the shadows. [demonic ancestry]
   440 | D:1      | Reached XP level 2. HP: 24/24 MP: 3/3
   590 | D:1      | Reached * piety under Lugonu
   966 | D:2      | Reached skill level 1 in Dodging
   989 | D:2      | HP: 1/24 [worm (7)]
   992 | D:2      | Gained mutation: You have sharp fingernails. [demonic ancestry]
   992 | D:2      | Reached XP level 3. HP: 6/29 MP: 4/4
  1233 | D:2      | Found a shattered altar of Ashenzari.
  1747 | D:2      | Found a shimmering altar of Xom.
  1750 | D:2      | Found a shimmering altar of Xom.
  1751 | D:2      | Found a shimmering altar of Xom.
  1752 | D:2      | Found a shimmering altar of Xom.
  1958 | D:2      | Reached XP level 4. HP: 24/37 MP: 5/5
  2099 | D:3      | Noticed Jessica
  2139 | D:3      | Killed Jessica
  2139 | D:3      | Reached skill level 1 in Shields
  2365 | D:3      | Reached ** piety under Lugonu
  2369 | D:3      | Gained mutation: When hurt, damage is shared between your health and your magic reserves. [demonic ancestry]
  2369 | D:3      | Reached XP level 5. HP: 17/42 MP: 6/6
  2880 | D:3      | Found a white marble altar of Elyvilon.
  2897 | D:3      | Noticed Natasha
  2905 | D:3      | Killed Natasha
  3113 | D:3      | Noticed Natasha
  3131 | D:3      | Killed Natasha
  3346 | D:3      | Found a deep blue altar of Sif Muna.
  3930 | D:4      | Gained mutation: You regenerate magic rapidly. [demonic ancestry]
  3930 | D:4      | Reached XP level 6. HP: 39/48 MP: 4/7
  4204 | D:4      | Found Tohyasme's Armour Boutique.
  4582 | D:4      | Reached *** piety under Lugonu
  4781 | D:4      | Gained mutation: You are partially covered in slimy green scales (AC +2). [demonic ancestry]
  4781 | D:4      | Reached XP level 7. HP: 17/55 MP: 5/8
  5031 | D:5      | Entered Level 5 of the Dungeon
  5353 | D:5      | You fall through a shaft!
  6049 | D:6      | HP: 1/55 [orc wizard/magic dart (7)]
  6060 | D:6      | HP: 1/55 [orc priest/divine providence (9)]
  6090 | D:6      | HP: 2/55 [poisoned by a worker ant]
  6094 | D:6      | Succumbed to a worker ant's poison

Skill      XL: |  1  2  3  4  5  6  7 |
---------------+----------------------+-----
Armour         | 2 3 4 |  4.9
Axes           | 2 3 |  3.9
Dodging        | 1 2 |  2.6
Shields        | 1 2 3 |  3.2
Fighting       | 4 |  4.7
Throwing       | |  0.5
Invocations    | |  2.6

Action                   |  1- 3 |  4- 6 |  7- 9 || total
-------------------------+-------+-------+-------++-------
Melee: Hand axe          |   172 |   245 |       ||   417
       War axe           |       |    86 |   124 ||   210
Throw: Javelin           |       |     4 |     2 ||     6
Invok: Depart the Abyss  |     1 |       |       ||     1
  Use: Potion            |     1 |     1 |     6 ||     8
       Scroll            |     4 |     2 |       ||     6
  Eat: Chunk             |     4 |    10 |     2 ||    16
       Pizza             |       |       |     1 ||     1
Armor: Ring mail         |    10 |       |       ||    10
       Chain mail        |   116 |   267 |   130 ||   513
       Leather armour    |     2 |       |       ||     2
       Skin              |       |       |     2 ||     2
Dodge: Dodged            |    34 |    73 |    43 ||   150
Block: Shield            |    54 |   132 |    91 ||   277
